 Dungeon Crawl Stone Soup version 0.20-a0-526-g753eaab (webtiles) character file.

158 Klosterheim the Chopper (level 5, -12/45 HPs)
             Began as a Minotaur Fighter on Jan 26, 2017.
             Mangled by an orc warrior
             ... wielding a +0 war axe
              (17 damage)
             ... on level 6 of the Dungeon.
             The game lasted 00:02:23 (2264 turns).

Klosterheim the Chopper (Minotaur Fighter)          Turns: 2264, Time: 00:02:24

Health: -12/45     AC:  6    Str: 27    XL:     5   Next: 16%
Magic:  4/4        EV: 10    Int:  5    God:
Gold:   87         SH:  0    Dex:  9    Spells: 4/4 levels left

rFire    . . .     SeeInvis .   a - +0 war axe
rCold    . . .     Gourm    .   b - +0 scale mail
rNeg     . . .     Faith    .   (no shield)
rPois    .         Spirit   .   (helmet restricted)
rElec    .         Reflect  .   (no cloak)
rCorr    .         Harm     .   (no gloves)
MR       .....                  (no boots)
Stlth    ..........             (no amulet)
Regen    0.2/turn               (no ring)
                                (no ring)

@: mighty
A: retaliatory headbutt, horns 2
a: no special abilities


You were on level 6 of the Dungeon.
You were not hungry.

You visited 1 branch of the dungeon, and saw 4 of its levels.

You collected 87 gold pieces.

Inventory:

Hand Weapons
 a - a +0 war axe (weapon)
Armour
 b - a +0 scale mail (worn)
Jewellery
 e - an uncursed ring of wizardry {unknown}
 i - a +4 ring of protection {unknown}
 j - an uncursed ring of wizardry {unknown}
 q - a cursed ring of loudness {unknown}
Scrolls
 g - 3 scrolls of teleportation {unknown}
 k - 3 scrolls of remove curse {unknown}
 l - a scroll of amnesia {unknown}
 m - a scroll of fear {unknown}
 o - a scroll of identify {unknown}
Potions
 c - a potion of curing {unknown}
 h - a potion of resistance {unknown}
 n - a potion of ambrosia {unknown}
 p - a potion of invisibility {unknown}
 r - a potion of lignification {unknown}
Comestibles
 f - 2 bread rations
 s - a meat ration


   Skills:
 - Level 3.6 Fighting
 * Level 6.5 Axes
 - Level 3.6 Armour
   Level 3.6 Shields


You had 4 spell levels left.
You didn't know any spells.

Dungeon Overview and Level Annotations

Branches:
Dungeon (3/15)

Altars:


Innate Abilities, Weirdness & Mutations

You reflexively headbutt those who attack you in melee.
You have a pair of horns on your head.


Message History

Your scale mail prevents you from hitting the orc warrior.
Your headbutt misses the orc warrior.
The orc warrior hits you with a war axe.
You closely miss the orc warrior. The orc warrior closely misses you.
You closely miss the orc warrior. Your headbutt misses the orc warrior.
The orc warrior hits you with a war axe.
You barely miss the orc warrior.
The orc warrior hits you with a war axe!
You hit the orc warrior.
The orc warrior is moderately wounded.
The orc warrior hits you with a war axe!
* * * LOW HITPOINT WARNING * * *
You hit the orc warrior. You headbutt the orc warrior!
The orc warrior is severely wounded.
The orc warrior hits you with a war axe.
* * * LOW HITPOINT WARNING * * *
You closely miss the orc warrior. You headbutt the orc warrior.
The orc warrior is almost dead.
The orc warrior hits you with a war axe!
You die...

#.# #.# #.# #.#
#.# #.# #.# #.#
#@#
#o#############o
#......o.......o
###############.


You could see an orc warrior.

Vanquished Creatures
  An orc wizard (D:3)
  3 adders
  3 gnolls (D:3)
  2 oozes (D:2)
  A worm (D:2)
  4 leopard geckos
  5 orcs
  5 bats
  2 giant cockroaches
  5 goblins
  5 hobgoblins (D:1)
  3 jackals (D:1)
  6 kobolds
  A quokka (D:2)
  2 frilled lizards
  8 rats
56 creatures vanquished.

Notes
Turn   | Place    | Note
-------+----------+-------------------------------------------
     0 | D:1      | Klosterheim the Minotaur Fighter began the quest for the Orb.
     0 | D:1      | Reached XP level 1. HP: 19/19 MP: 0/0
   135 | D:1      | Reached skill level 3 in Axes
   161 | D:1      | Reached XP level 2. HP: 26/26 MP: 1/1
   424 | D:1      | Reached skill level 4 in Axes
   589 | D:2      | Reached XP level 3. HP: 23/31 MP: 2/2
   921 | D:2      | Reached skill level 5 in Axes
  1332 | D:2      | Reached XP level 4. HP: 36/39 MP: 3/3
  1444 | D:3      | Reached skill level 6 in Axes
  1471 | D:3      | HP: 1/39 [poisoned by a kobold]
  1922 | D:3      | Reached XP level 5. HP: 26/45 MP: 4/4
  2221 | D:3      | You fall through a shaft for 3 floors!
  2243 | D:6      | Noticed an orc warrior
  2264 | D:6      | Mangled by an orc warrior

Vault maps used:
D:1:      shiori_arrival_elements
D:2:      lemuel_upstairs_altar
D:3:      lemuel_coloured_pillars_altar, lemuel_doored_altar, uniq_jessica,
          uniq_sigmund
D:6:      minmay_temple_entry_overgrown, nicolae_ru_awakened_eye

Skill      XL: |  1  2  3  4 |
---------------+-------------+-----
Axes           | 3 4 5 6 |  6.5
Fighting       | |  3.6
Armour         | |  3.6
Shields        | |  3.6

Action                   |  1- 3 |  4- 6 || total
-------------------------+-------+-------++-------
Melee: War axe           |    92 |    48 ||   140
       Headbutt          |    12 |     4 ||    16
  Use: Potion            |       |     1 ||     1
  Eat: Chunk             |     1 |     3 ||     4
Armor: Scale mail        |    59 |    21 ||    80
Dodge: Dodged            |    48 |    21 ||    69
